 Dungeon Crawl Stone Soup version 0.27.0-1-g7a08968 (webtiles) character file.

Game seed: 11402787915435848382

348 NeededCrab the Insei (level 6, -1/38 HPs)
             Began as an Octopode Transmuter on Oct 14, 2021.
             Was an Initiate of Gozag.
             Slain by an orc (4 damage)
             ... on level 4 of the Dungeon.
             The game lasted 00:09:35 (3570 turns).

NeededCrab the Insei (Octopode Transmuter)          Turns: 3570, Time: 00:09:35

Health: -1/38      AC:  1    Str:  9    XL:     6   Next: 60%
Magic:  10/10      EV: 17    Int: 18    God:    Gozag
Gold:   147        SH:  0    Dex: 12    Spells: 0/10 levels left

rFire    . . .     SeeInvis .     - Unarmed
rCold    . . .     Faith    .   (no shield)
rNeg     . . .     Spirit   .   (helmet restricted)
rPois    .         Reflect  .   (no amulet)
rElec    .         Harm     .   b - +4 ring of evasion
rCorr    .         Rampage  .   (no ring)
Will     .....                  (no ring)
Stlth    +++.......             (no ring)
HPRegen  0.12/turn              (no ring)
MPRegen  0.12/turn              (no ring)
                                (no ring)
                                (no ring)

@: mighty, gold aura, flying
A: almost no armour, amphibious, 8 rings, camouflage 1, gelatinous body 1,
(nimble swimmer 1), tentacles
a: Renounce Religion, Potion Petition, Call Merchant, Bribe Branch


You were on level 4 of the Dungeon.
You worshipped Gozag.
Gozag was aware of your devotion.
You visited 2 branches of the dungeon, and saw 5 of its levels.

You collected 185 gold pieces.
You paid 38 gold pieces to Gozag.

Inventory:

Jewellery
 b - a +4 ring of evasion (left tentacle)
Scrolls
 a - 3 scrolls of identify {unknown}
 c - a scroll of fog {unknown}
 h - 2 scrolls of magic mapping {unknown}
 j - 3 scrolls of enchant weapon {unknown}
 m - a scroll of amnesia {unknown}
 n - a scroll of fear {unknown}
Potions
 d - a potion of berserk rage {unknown}
 e - a potion of cancellation {unknown}
 f - a potion of flight
 g - a potion of brilliance {unknown}
 i - a potion of might
 k - a potion of invisibility {unknown}
 l - a potion of curing {unknown}


   Skills:
 - Level 1.0 Fighting
 + Level 3.2 Dodging
 - Level 1.1 Stealth
 + Level 4.0 Unarmed Combat
 + Level 2.8 Spellcasting
 * Level 3.9 Transmutations
 * Level 3.4 Poison Magic


You couldn't memorise any spells.
You knew the following spells:

 Your Spells              Type           Power      Damage    Failure   Level
a - Beastly Appendage     Tmut           32%        N/A       3%          1
b - Wereblood             Tmut           16%        N/A       4%          2
c - Spider Form           Tmut/Pois      7%         N/A       11%         3
d - Ice Form              Ice/Tmut       9%         N/A       58%         4

Your spell library contained the following spells:

 Spells                   Type           Power      Damage    Failure   Level
 Freeze                   Ice            8%         1d3       17%         1
 Frozen Ramparts          Ice            4%         1d2       45%         3
 Tukima's Dance           Hex            2%         N/A       45%         3
 Hailstorm                Conj/Ice       2%         3d3       86%         4
 Passage of Golubria      Tloc           N/A        N/A       86%         4
 Yara's Violent Unravell  Hex/Tmut       4%         3d4       90%         5


Dungeon Overview and Level Annotations

Branches:
Dungeon (4/15)             Temple (1/1) D:4

Altars:
Cheibriados
Dithmenos
Gozag
Qazlal
Ru
Sif Muna
Uskayaw
Xom


Innate Abilities, Weirdness & Mutations

You cannot wear most types of armour.
You are amphibious.
You can wear up to eight rings at the same time.
Your skin changes colour to match your surroundings (Stealth+).
Your rubbery body absorbs attacks. (AC +1, EV +1)
((You are camouflaged near water. (Stealth+)))
You have tentacles for arms and can constrict up to eight enemies at once.


Message History

Something tries to affect you, but you resist.
The orc hits you with a +0 falchion. The orc closely misses you.
The orc hits you with a +0 club.
You tentacle-slap the orc.
You kill the orc!
Something hits you. The orc hits you with a +0 mace. The orc barely misses you.
The orc misses you.
Unknown command.
You barely miss the orc. You grab the orc. You constrict the orc.
Something closely misses you. The orc closely misses you.
The orc barely misses you.
You tentacle-slap the orc.
You kill the orc!
The orc closely misses you.
You hear some strange, mumbled words.
A puff of flame appears from out of thin air!
The puff of flame hits you!
* * * LOW HITPOINT WARNING * * *
The orc hits you with a +0 mace.
* * * LOW HITPOINT WARNING * * *
The orc is distracted by your dazzling golden aura.
Things that are here:
6 gold pieces; a +0 falchion It was a potion of flight.
You feel very buoyant.
You fly up into the air.
The orc misses you. Something hits you but does no damage.
It was a potion of might.
You feel very mighty all of a sudden. Something hits you.
* * * LOW HITPOINT WARNING * * *
You closely miss the orc.
The orc shouts!
Your grab misses the orc. The orc closely misses you.
Something barely misses you.
You closely miss the orc. You grab the orc.
You constrict the orc, but do no damage.
The orc hits you with a +0 dagger.
You die...
Your body crumbles into a pile of gold.

....####.....#
.......#......#
#.............#
#............#
##............#
####.............###
#..................###
#............@o......## #
#............{........# #
#............o........# #
##.......#............# ##
#.....>...##..........#
.###.........#####.......#
.##.#.......(# ###......
.##.#.........# #.....
...##.........# #...#


You could see 2 orcs.

Vanquished Creatures
  A necrophage (D:3)
  A phantom (D:4)
  Jessica (D:1)
  Robin (D:2)
  4 gnolls (D:2)
  3 adders
  3 dart slugs
  2 orcs (D:4)
  6 ball pythons
  8 bats
  3 endoplasms
  3 giant cockroaches
  11 goblins
  8 hobgoblins
  3 jackals (D:1)
  2 quokkas
  3 frilled lizards
  7 kobolds
  5 rats
75 creatures vanquished.

Notes
Turn   | Place    | Note
-------+----------+-------------------------------------------
     0 | D:1      | NeededCrab the Octopode Transmuter began the quest for the
                  | Orb.
     0 | D:1      | Reached XP level 1. HP: 13/13 MP: 3/3
   239 | D:1      | Reached XP level 2. HP: 18/18 MP: 3/5
   723 | D:1      | Reached skill level 1 in Stealth
   740 | D:1      | Learned a level 2 spell: Wereblood
   747 | D:1      | Reached XP level 3. HP: 18/23 MP: 4/6
   751 | D:1      | Learned a level 3 spell: Spider Form
  1067 | D:1      | Found a faded altar of an unknown god.
  1399 | D:2      | Reached skill level 1 in Poison Magic
  1399 | D:2      | Reached XP level 4. HP: 17/28 MP: 3/7
  1629 | D:2      | Noticed Jessica
  1722 | D:1      | Killed Jessica
  2129 | D:2      | Reached XP level 5. HP: 33/33 MP: 8/8
  2200 | D:2      | Noticed Robin
  2210 | D:2      | Killed Robin
  2772 | D:3      | Noticed a necrophage
  2780 | D:3      | Killed a necrophage
  2781 | D:3      | Reached XP level 6. HP: 38/38 MP: 7/9
  2873 | D:3      | Learned a level 4 spell: Ice Form
  3067 | D:4      | Reached skill level 4 in Unarmed Combat
  3359 | D:4      | Found a staircase to the Ecumenical Temple.
  3366 | Temple   | Entered the Ecumenical Temple
  3401 | Temple   | Became a worshipper of Gozag Ym Sagoz the Greedy
  3570 | D:4      | Slain by an orc

Illustrated notes

Levels and vault maps discovered:
D:1:      tarquinn_simple_flora_water_e, layout_basic,
          hellmonk_ecumenical_altar_pennies_from_heaven, grunt_decor_one_mirror
D:2:      layout_loops_cross, minmay_curled_crystal, minivault_24,
          dk_vineyard_3, kennysheep_generic_room_12, uniq_robin, uniq_jessica
D:3:      layout_basic, grunt_ministairs_9
D:4:      layout_cave_pods, minmay_temple_entry_wispy
Temple:   nicolae_temple_elliptical

Skill      XL: |  1  2  3  4  5  6 |
---------------+-------------------+-----
Stealth        | 1 |  1.1
Poison Magic   | 1 3 |  3.4
Transmutations | 3 |  3.9
Dodging        | 3 |  3.2
Unarmed Combat | 4 |  4.0
Fighting       | |  1.0
Spellcasting   | |  2.8

Action                   |  1- 3 |  4- 6 || total
-------------------------+-------+-------++-------
Melee: Unarmed           |    65 |   117 ||   182
       Constrict         |    21 |    25 ||    46
       Tentacles         |     7 |    10 ||    17
       Kick              |    13 |    18 ||    31
       Punch             |     1 |     4 ||     5
 Cast: Beastly Appendage |    15 |    15 ||    30
       Wereblood         |     2 |     4 ||     6
       Spider Form       |       |     1 ||     1
  Use: Potion            |       |     2 ||     2
 Stab: Sleeping          |     6 |    11 ||    17
Armor: Skin              |     4 |     3 ||     7
Dodge: Dodged            |    29 |    78 ||   107
